 Dungeon Sprint DCSS version 0.30-a0-800-g7c544603b3 (webtiles) character file.

Game seed: 14950464526141510480

3500000 BigDaddyOpFi the Acrobat (level 15, -1/85 HPs)
             Began as a Djinni Necromancer on Feb 22, 2023.
             Was a Priest of Makhleb.
             Slain by a destroyer
             ... wielding a +9 heavy great sword
              (5 damage)
             ... in the Dungeon (Sprint VIII: "Arena of Blood").
             The game lasted 00:00:54 (35 turns).

BigDaddyOpFi the Acrobat (Djinni Necromancer)         Turns: 35, Time: 00:00:54

Health: -1/85      AC:  2    Str:  7    XL:     15   Next: 14%
Gold:   0          EV: 32    Int: 17    God:    Makhleb [***...] SH:  0 Dex: 21

rFire   + + .      SeeInvis .    g - +∞ Axe of Woe
rCold   x . .      Faith    .    (shield currently unavailable)
rNeg    . . .      Spirit   .    a - +0 robe
rPois   ∞          Reflect  .    (no helmet)
rElec   .          Harm     .    (no cloak)
rCorr   .          Rampage  .    (no gloves)
Will    +....      NoTele   +    (boots unavailable)
Stlth   +++++++                  (no amulet)
HPRegen 0.34/turn                (no ring)
MPRegen 0.00/turn                (no ring)

@: silenced, flying
A: sickness immunity, fire resistance 2, cold vulnerability 1, float, innate
caster, HP casting, extra vitality 1
a: Renounce Religion


You were in the Dungeon.
You worshipped Makhleb.
Makhleb was most pleased with you.
You visited 1 branch

Inventory:

Hand Weapons
 g - the +∞ Axe of Woe (weapon)
   (You found it in the Dungeon)
Armour
 a - a +0 robe (worn)
Scrolls
 f - a scroll of blinking
Potions
 b - a potion of curing
 c - a potion of heal wounds
 d - a potion of haste
 e - a potion of berserk rage


   Skills:
 + Level 25.1 Dodging
 + Level 21.6 Stealth
 + Level 18.7 Spellcasting


You knew the following spells:

 Your Spells              Type           Power      Damage    Failure   Level
a - Necrotise             Necr           100%       1d9       0%          1
b - Vampiric Draining     Necr           68%        2d10      0%          3
c - Animate Dead          Necr           68%        N/A       0%          4
d - Agony                 Necr           68%        N/A       1%          5
e - Magic Dart            Conj           100%       1d8       0%          1
f - Searing Ray           Conj           100%       2d8       0%          2
g - Call Canine Familiar  Summ           68%        N/A       0%          3
h - Stone Arrow           Conj/Erth      100%       3d13      0%          3
i - Animate Armour        Summ/Erth      100%       N/A       0%          4
j - Silence               Hex/Air        34%        N/A       1%          5
k - Summon Cactus Giant   Summ           34%        N/A       1%          6
Your spell library was empty.

Dungeon Overview and Level Annotations

Branches:
Dungeon (1/1)

Altars:
Makhleb


Innate Abilities, Weirdness & Mutations

You are immune to sickness and miasma.
You are immune to poison.
Your flesh is very heat resistant. (rF++)
You are vulnerable to cold. (rC-)
You float through the air rather than walking.
You learn spells naturally, not from books.
Your magical power is your life essence.
You have superior vitality. (+4 MHP)


Message History

Press < or > to pray at altars.
The destroyer points at you and mumbles some strange words.
The destroyer blinks!
A large bag of meat comes into view. It is wielding a +9 giant spiked club.
A destroyer comes into view. It is wielding a +9 heavy great sword.
A bag of meat comes into view. It is wielding a +9 war axe.
The sculptor of flesh appears out of thin air!
A sculptor of flesh comes into view. It is wielding a +9 great sword.
The destroyer appears out of thin air!
A destroyer comes into view. It is wielding a +9 heavy great sword.
A bag of meat comes into view. It is wielding a +9 war axe.
The destroyer gestures at you while chanting.
The destroyer blinks!
Unknown command.
Press < or > to pray at altars.
You catch the helpless bag of meat completely off-guard!
You slash the bag of meat! You chop the bag of meat into pieces.
You kill the bag of meat!
Makhleb accepts your kill.
You slash the large bag of meat!
Flame seeps out of the large bag of meat.
You cleave the large bag of meat in twain.
Makhleb accepts your kill.
You can now summon a lesser servant of Makhleb.
The large bag of meat explodes!
The fiery explosion engulfs the destroyer!! x2
The fiery explosion engulfs you! You resist.
You are engulfed in blazing flames.
You resist.
The destroyer is engulfed in blazing flames.
An eight-headed meat hydra comes into view.
The meat berserker is engulfed in blazing flames.
The destroyer is engulfed in blazing flames.
A destroyer comes into view. It is wielding a +9 heavy great sword.
The sculptor of flesh says something but you don't hear anything.
The destroyer is engulfed in blazing flames.
The destroyer hits you with a +9 heavy great sword!!!
Ouch! That really hurt!
* * * LOW HITPOINT WARNING * * *
The destroyer bites you.
You die...

.. ...VD #.
.o.# #.. ..O# .
.###.. ...###..
......###z.....
......_§§...
#.V§VO# #_.§V@#
#....)#
......_.....
......###......
.###.. z..###..
#.. ...# . #.
...# .. .....


You could see an eight-headed meat hydra (wandering), 4 destroyers, 2 sculptors
of flesh, a large bag of meat (inner flame), a meat berserker (berserk) and a
bag of meat.

Vanquished Creatures
  An ogre (D)
  A two-headed ogre (D)
  7 orcs (D)
9 creatures vanquished.

Notes
Turn   | Place    | Note
-------+----------+-------------------------------------------
     0 | D        | Found the +∞ Axe of Woe
     0 | D        | BigDaddyOpFi the Djinni Necromancer began the quest for the
                  | Orb.
     0 | D        | BigDaddyOpFi set off with the following spells memorised:
                  | Necrotise, Vampiric Draining, Animate Dead, Agony.
     0 | D        | Reached XP level 1. HP: 15/15 MP: 0/0
     2 | D        | Noticed a bag of meat
     4 | D        | Killed a bag of meat
     5 | D        | Reached skill level 16 in Dodging
     5 | D        | Reached XP level 2. HP: 21/21 MP: 0/0
     5 | D        | Reached XP level 3. HP: 25/25 MP: 0/0
     5 | D        | Learned a level 1 spell: Magic Dart
     5 | D        | Reached XP level 4. HP: 31/31 MP: 0/0
     5 | D        | Reached XP level 5. HP: 35/35 MP: 0/0
     5 | D        | Learned a level 2 spell: Searing Ray
     5 | D        | Reached XP level 6. HP: 40/40 MP: 0/0
     5 | D        | Reached XP level 7. HP: 45/45 MP: 0/0
     5 | D        | Learned a level 3 spell: Call Canine Familiar
     5 | D        | Reached XP level 8. HP: 50/50 MP: 0/0
     5 | D        | Reached XP level 9. HP: 55/55 MP: 0/0
     5 | D        | Learned a level 3 spell: Stone Arrow
     5 | D        | Reached XP level 10. HP: 60/60 MP: 0/0
     5 | D        | Reached XP level 11. HP: 65/65 MP: 0/0
     5 | D        | Learned a level 4 spell: Animate Armour
     5 | D        | Became a worshipper of Makhleb the Destroyer
     6 | D        | Noticed a bag of meat
     8 | D        | Noticed a bag of meat
    10 | D        | Noticed a bag of meat
    13 | D        | Killed a bag of meat
    13 | D        | Noticed a bag of meat
    13 | D        | Noticed a bag of meat
    14 | D        | Reached skill level 18 in Dodging
    14 | D        | Reached XP level 12. HP: 68/70 MP: 0/0
    17 | D        | Killed a bag of meat
    17 | D        | Reached * piety under Makhleb
    17 | D        | Killed a bag of meat
    18 | D        | Reached skill level 21 in Dodging
    18 | D        | Reached XP level 13. HP: 75/75 MP: 0/0
    18 | D        | Learned a level 5 spell: Silence
    18 | D        | Killed a bag of meat
    19 | D        | Reached skill level 22 in Dodging
    19 | D        | Reached XP level 14. HP: 80/80 MP: 0/0
    24 | D        | Killed a bag of meat
    24 | D        | Reached ** piety under Makhleb
    25 | D        | Reached skill level 23 in Dodging
    27 | D        | Noticed a meat berserker
    28 | D        | Noticed a large bag of meat
    29 | D        | Noticed a sculptor of flesh
    31 | D        | Noticed a meat berserker
    32 | D        | Killed a meat berserker
    32 | D        | Noticed a destroyer
    33 | D        | Reached skill level 25 in Dodging
    33 | D        | Reached XP level 15. HP: 78/85 MP: 0/0
    33 | D        | Learned a level 6 spell: Summon Cactus Giant
    33 | D        | Noticed a large bag of meat
    33 | D        | Noticed a destroyer
    35 | D        | Noticed a sculptor of flesh
    35 | D        | Noticed a destroyer
    35 | D        | Killed a large bag of meat
    35 | D        | Reached *** piety under Makhleb
    35 | D        | Noticed an eight-headed meat hydra
    35 | D        | Noticed a destroyer
    35 | D        | HP: 4/85 [destroyer/+9 heavy great sword (54)]
    35 | D        | Slain by a destroyer

Illustrated notes

Levels and vault maps discovered:
D:        meatsprint

Skill      XL: |  1  2  3  4  5  6  7  8  9 10 11 12 13 14 |
---------------+-------------------------------------------+-----
Dodging        | 16 18 21 22 25 | 25.1
Stealth        | 14 16 18 19 21 | 21.6
Spellcasting   | 12 14 16 18 | 18.7

Action                     |  1- 3 |  4- 6 |  7- 9 | 10-12 | 13-15 || total
---------------------------+-------+-------+-------+-------+-------++-------
  Melee: Executioner's axe |     1 |       |       |     2 |     4 ||     7
   Cast: Animate Armour    |       |       |       |     1 |       ||     1
         Call Canine Famil |       |       |       |       |     1 ||     1
         Silence           |       |       |       |       |     1 ||     1
   Stab: Distracted        |       |       |       |       |     1 ||     1

Table legend: (Time is in decaauts)
 A = Elapsed time spent in this place.
 B = Non-inter-level travel time spent in this place.
 C = Inter-level travel time spent in this place.
 D = Time resting spent in this place.
 E = Time spent auto-exploring this place.
 F = Levels seen in this place.
 G = Mean time per level.
                   A        B        C        D        E       F      G
               +--------+--------+--------+--------+--------+-----+--------+
         Total |     39 |     39 |      0 |      0 |      0 |   1 |   39.0 |
       Dungeon |     39 |     39 |      0 |      0 |      0 |   1 |   39.0 |
               +--------+--------+--------+--------+--------+-----+--------+

Top non-repeatable levels by time:
       D: 39 daAuts
